 Dungeon Crawl Stone Soup version 0.16-a0-3641-g71d4c1b (webtiles) character file.

99522 PollenGolem the Warrior (level 15, 0/143 (147) HPs)
             Began as a Minotaur Gladiator on May 6, 2015.
             Was an Elder of Pakellas.
             Succumbed to poison (dark miasma)
             ... on level 1 of the Depths on May 12, 2015.
             The game lasted 06:39:42 (41091 turns).

PollenGolem the Warrior (Minotaur Gladiator)       Turns: 41091, Time: 06:39:42

HP:   0/143 (147)   AC: 18    Str: 27    XL:     15   Next: 77%
MP:   27/27         EV: 22    Int:  5    God:    Pakellas [****..]
Gold: 2268          SH:  0    Dex: 17    Spells: 0 memorised, 14 levels left

rFire  . . .     SeeInvis .     Y - +0 lajatang
rCold  . . .     Clarity  .     r - +3 scale mail {MR+} {Terrence}
rNeg   . . .     SustAb   .     (no shield)
rPois  .         Gourm    .     (helmet restricted)
rElec  .         Spirit   .     (no cloak)
rCorr  .         Warding  .     e - +2 pair of gloves {archery}
rMut   +         Stasis   .     G - +0 pair of boots {Fly}
MR     ++...                    N - amulet of resist mutation
Stlth  ..........               J - +2 ring of strength (curse)
                                P - ring of loudness (curse)

@: mighty, lethally poisoned, very slightly contaminated, starving,
non-regenerating, rotting, badly diseased, slowed, very slow, very resistant to
hostile enchantments, extremely unstealthy
A: retaliatory headbutt, horns 2, mutation resistance 1
a: Minor Device Surge, Quick Charge, Device Surge, Renounce Religion, Evoke
Flight


You were on level 1 of the Depths.
You worshipped Pakellas.
Pakellas was greatly pleased with you.
You were starving.

You visited 6 branches of the dungeon, and saw 30 of its levels.

You collected 2690 gold pieces.
You spent 422 gold pieces at shops.

Inventory:

Hand weapons
 y - a cursed +0 short sword
 z - a +0 mace of crushing
 V - the +6 blowgun "Struu" {speed, MR++ Stlth+}
   (You found it on level 6 of the Dungeon)

   Attacks with this weapon are significantly faster.
   It affects your resistance to hostile enchantments.
   It makes you more stealthy.
 Y - a +0 lajatang (weapon)
Missiles
 a - 5 curare-tipped needles
 d - 4 silver tomahawks (quivered)
 o - 6 throwing nets
 q - 67 poisoned needles
 v - 22 bolts
 D - 6 javelins
 F - 17 sling bullets
Armour
 e - a +2 pair of gloves of archery (worn)
 h - a +0 plate armour of poison resistance
 i - a +2 shield of reflection
 r - a +3 scale mail of magic resistance (worn) {Terrence}
 s - a +2 large shield
 G - a +0 pair of boots of flying (worn)
 O - a +3 plate armour of fire resistance
Magical staves
 L - an uncursed staff of summoning
Rods
 f - a +6 rod of the swarm (13/13)
   (Pakellas gifted it to you on level 9 of the Dungeon)
Jewellery
 I - a +5 ring of dexterity {unknown}
 J - a cursed +2 ring of strength (right hand)
 N - an amulet of resist mutation (around neck)
 P - a cursed ring of loudness (left hand)
Magical devices
 b - a wand of enslavement (7)
 c - a wand of invisibility (2)
 g - a wand of disintegration (6)
 k - a wand of magic darts (17)
 t - a wand of cold (4)
 u - a wand of teleportation (4)
Scrolls
 j - a scroll of fog {unknown}
 E - a scroll of identify
Potions
 l - 2 potions of restore abilities
 m - 2 potions of ambrosia
 p - 2 potions of berserk rage
 w - 3 potions of agility
 x - 2 potions of cancellation
 B - 6 potions of curing
 K - a potion of lignification
 M - 2 potions of resistance
 S - 2 potions of might
 T - 5 potions of heal wounds
Books
 n - a book of the Tempests

   Spells                             Type                      Level
   a - Static Discharge               Conjuration/Air              3
   b - Lightning Bolt                 Conjuration/Air              5
   c - Fireball                       Conjuration/Fire             5
   d - Tornado                        Air                          9
   e - Shatter                        Earth                        9
   Pakellas disapproves of the use of such an item.
Miscellaneous
 A - a phial of floods
 X - a sack of spiders {used: 1}


   Skills:
 - Level 17.0 Fighting
 - Level 8.0 Staves
 - Level 2.0 Throwing
 - Level 16.0 Armour
 - Level 16.0 Dodging
 + Level 12.0 Evocations


You had 14 spell levels left.
You didn't know any spells.

Dungeon Overview and Level Annotations

Branches:
Dungeon (15/15)            Temple (1/1) D:6            Lair (8/8) D:9
  Swamp (0/5) Lair:4        Snake (0/5) Lair:3        Slime (0/6) Lair:6
    Orc (4/4) D:9             Elf (1/3) Orc:3        Vaults (0/5) D:14
 Depths (1/5) D:15

Altars:
Ashenzari
Cheibriados
Dithmenos
Elyvilon
Fedhas
Gozag
Kikubaaqudgha
Makhleb
Nemelex Xobeh
Okawaru
Pakellas
Qazlal
Ru
Sif Muna
Trog
Vehumet
Xom
Yredelemnul
Zin
The Shining One
Beogh
Jiyva

Shops:
D:6 =}%[   D:7 :   D:9 [   D:11 =   Orc:1 ?   Orc:4 [([*

Annotations:
Lair:2 exclusion: downstairs


Innate Abilities, Weirdness & Mutations

You reflexively headbutt those who attack you in melee.
You have a pair of horns on your head.
You are somewhat resistant to further mutation.


Message History

* * * LOW HITPOINT WARNING * * *
You feel very sick.
Eat which item? (? for menu, Esc to quit)
This meat tastes really weird.
You feel genetically stable.
* * * LOW HITPOINT WARNING * * *
You feel very sick.
Eat which item? (? for menu, Esc to quit)
This meat tastes really weird.
You feel odd for a moment.
* * * LOW HITPOINT WARNING * * *
You feel very sick.
Eat which item? (? for menu, Esc to quit)
This meat tastes really weird.
You feel odd for a moment.
* * * LOW HITPOINT WARNING * * *
You feel very sick.
Eat which item? (? for menu, Esc to quit)
This meat tastes really weird.
You die...

.## ..# # #####.# .
###.....# .#
#......# .###.
##.....## ......
#......†##.≈≈....
###......(†........
#......###@#.......
##......#..# .....
#<.....##... ....
##..#####..≈≈ ...
##.# #...≈. . ###
##..... #.≈..##
##.... .


There were no monsters in sight!

Vanquished Creatures
  Rupert (Lair:5)
  A stone giant (Depths:1)
  8 vault guards (D:14)
  An ogre mage (D:15)
  4 hydras
  Harold (Orc:3)
  An anaconda (Lair:6)
  A rakshasa (D:13)
  Erica (Lair:1)
  3 death yaks
  A centaur warrior (D:13)
  A tengu warrior (D:13)
  Urug (Orc:3)
  Nergalle (Lair:5)
  A catoblepas (Lair:7)
  Erolcha (D:13)
  A death drake (shapeshifter) (Depths:1)
  A sea snake (shapeshifter) (D:15)
  8 hill giants
  A deep elf summoner (Elf:1)
  2 unseen horrors
  2 lindwurms
  An orc knight (Orc:4)
  A wolf spider zombie (D:15)
  A cyclops (D:10)
  3 griffons
  A salamander (shapeshifter) (D:14)
  2 manticores
  13 ugly things
  An orc sorcerer (Orc:4)
  5 black mambas
  A torpor snail (Lair:6)
  9 elephants
  3 gargoyles
  6 komodo dragons
  2 fire drakes (Lair:6)
  2 kobold demonologists (D:14)
  16 spiny frogs
  A deep elf priest (Elf:1)
  A wandering mushroom (D:9)
  A fire drake (shapeshifter) (Depths:1)
  3 polar bears (Lair:7)
  10 slime creatures (D:15)
  Sonja (Orc:4)
  A two-headed ogre (shapeshifter) (D:13)
  5 trolls
  A giant leech (shapeshifter) (D:15)
  A harpy skeleton (D:15)
  7 two-headed ogres
  4 giant leeches
  4 ravens (D:13)
  A shadow (D:13)
  2 wraiths
  5 basilisks
  13 blink frogs
  5 deep elf magi
  59 yaks
  A yak (shapeshifter) (D:15)
  Eustachio (D:6)
  2 wyverns
  13 wolves
  Grum (D:10)
  9 hippogriffs
  A mottled dragon (D:11)
  A soldier ant (D:11)
  11 vampire mosquitoes
  A steam dragon (D:11)
  12 water moccasins
  2 wargs
  2 swamp worms (Lair:4)
  2 nagas (Lair:3)
  7 sky beasts
  A black bear (shapeshifter) (D:15)
  28 orc warriors
  7 porcupines
  A black bear (Lair:4)
  5 ice beasts
  A wasp (D:10)
  A necrophage (D:9)
  17 ogres
  2 phantoms
  11 centaurs
  A brain worm (D:13)
  4 big kobolds
  16 crocodiles
  38 giant frogs
  A wyvern skeleton (D:11)
  7 scorpions
  11 killer bees
  3 wights (D:9)
  2 goliath beetles
  3 electric eels
  A giant frog zombie (D:11)
  10 crimson imps
  8 centaur zombies
  6 jellies
  25 orc priests
  2 giant frog skeletons
  14 hounds
  3 centaur skeletons
  17 orc wizards
  Natasha (thrice) (D:3)
  8 iguanas
  A hell rat (Elf:1)
  14 worker ants
  27 sheep
  A hound zombie (D:5)
  Terence (D:3)
  25 adders
  3 orc zombies (Orc:4)
  4 gnolls (D:11)
  46 river rats
  4 shadow imps
  2 giant mites (D:2)
  2 worms (D:2)
  3 giant geckos
  220 orcs
  A bat skeleton (D:4)
  3 bat zombies
  3 giant cockroaches
  21 goblins
  24 hobgoblins
  26 kobolds
  11 quokkas
  5 ball pythons
  14 bats
  A giant gecko skeleton (D:4)
  2 giant gecko zombies
  5 giant newts
  A giant spore (D:13)
  11 jackals
  2 jackal skeletons
  A quokka skeleton (D:10)
  A quokka zombie (D:2)
  19 rats
  26 ballistomycetes
  A bush (Temple)
  2 butterflies (Lair:3)
  A fungus (Lair:3)
1092 creatures vanquished.

Vanquished Creatures (collateral kills)
  2 hydras
  A centaur warrior (Orc:4)
  A deep elf knight (Elf:1)
  A wolf spider (Lair:6)
  An ugly thing (D:11)
  An oklob plant (Lair:8)
  2 black mambas (Lair:6)
  4 elephants (Lair:6)
  A deep elf priest (Elf:1)
  A jumping spider (Elf:1)
  2 giant leeches (Lair:8)
  2 tarantellas
  5 yaks (Lair:8)
  A deep elf fighter (Elf:1)
  2 water moccasins
  6 orc warriors (Orc:4)
  3 centaurs (Orc:4)
  A giant frog (Lair:8)
  4 electric eels (Lair:8)
  An orc priest (Orc:4)
  A mummy (D:13)
  An adder (Lair:6)
  3 orcs (Orc:4)
  A goblin (Orc:4)
  A fungus (Lair:8)
  2 plants (Lair:8)
51 creatures vanquished.

Vanquished Creatures (others)
  An orb spider (Lair:6)
  A wolf spider (Lair:6)
  A jumping spider (Lair:6)
  2 tarantellas (Lair:6)
  3 vampire mosquitoes
  3 wasps
  4 spiders (Lair:8)
  3 scorpions
  8 killer bees
  2 goliath beetles (Orc:4)
  An orc wizard (D:8)
  11 worker ants
  A worm (Elf:1)
  An orc (Orc:4)
  3 giant spores
  2 ballistomycetes
  3 butterflies
  8 fungi
  7 plants
65 creatures vanquished.

Grand Total: 1208 creatures vanquished

Notes
Turn   | Place    | Note
--------------------------------------------------------------
     0 | D:1      | PollenGolem, the Minotaur Gladiator, began the quest for the Orb.
     0 | D:1      | Reached XP level 1. HP: 18/18 MP: 1/1
   185 | D:1      | Reached XP level 2. HP: 23/25 MP: 1/1
   239 | D:1      | Reached skill level 4 in Staves
   567 | D:2      | Reached XP level 3. HP: 27/30 MP: 2/2
  1100 | D:2      | Reached XP level 4. HP: 39/39 MP: 2/2
  1508 | D:3      | Noticed Terence
  1860 | D:5      | Entered Level 5 of the Dungeon
  1939 | D:5      | Reached XP level 5. HP: 45/47 MP: 2/2
  2085 | D:5      | Reached skill level 5 in Dodging
  2130 | D:5      | Noticed an ogre
  2193 | D:6      | Reached skill level 5 in Fighting
  2201 | D:6      | Reached XP level 6. HP: 49/57 MP: 3/3
  2213 | D:6      | Reached skill level 6 in Fighting
  2332 | D:6      | Found Mazen's Armour Shop.
  2337 | D:6      | Noticed a sky beast
  2353 | D:6      | Killed a sky beast
  2353 | D:6      | Reached skill level 7 in Fighting
  2665 | D:6      | Found a staircase to the Ecumenical Temple.
  2671 | Temple   | Entered the Ecumenical Temple
  2774 | Temple   | Became a worshipper of Pakellas the Inventive
  2919 | D:6      | Found Kackur's Gadget Shoppe.
  2921 | D:6      | Found Chommut's Jewellery Shoppe.
  2932 | D:6      | Bought a cursed -3 ring of protection for 28 gold pieces
  2932 | D:6      | Bought a cursed -3 ring of intelligence for 28 gold pieces
  2932 | D:6      | Bought a cursed +2 ring of strength for 63 gold pieces
  3130 | D:4      | Reached XP level 7. HP: 63/67 MP: 3/3
  3502 | D:4      | Reached skill level 8 in Fighting
  3532 | D:4      | Noticed an ogre
  3796 | D:4      | Found a stormy altar of Qazlal.
  3796 | D:4      | Found a shimmering altar of Xom.
  4013 | D:5      | Noticed an ogre
  4142 | D:6      | Found Waffarch's Food Shoppe.
  4828 | D:6      | Got a jewelled blowgun
  5058 | D:6      | Noticed Eustachio
  5157 | D:7      | Found Mnunt's Book Emporium.
  5255 | D:7      | Reached skill level 9 in Fighting
  5448 | D:7      | Acquired Pakellas' first power
  5494 | D:7      | Reached XP level 8. HP: 65/78 MP: 3/3
  6547 | D:8      | Reached skill level 10 in Fighting
  7056 | D:8      | Reached XP level 9. HP: 43/85 MP: 4/4
  7322 | D:8      | Reached skill level 10 in Dodging
  7585 | D:8      | Identified the +6 blowgun "Struu" {speed, MR++ Stlth+} (You found it on level 6 of the Dungeon)
  7821 | D:9      | Found a burning altar of Makhleb.
  8063 | D:8      | Reached skill level 1 in Armour
  8128 | D:8      | Noticed a yak
  8280 | D:9      | Found a staircase to the Orcish Mines.
  8286 | D:9      | Acquired Pakellas' second power
  8328 | D:9      | Reached skill level 5 in Armour
  8476 | Orc:1    | Entered Level 1 of the Orcish Mines
  8646 | Orc:1    | Acquired Pakellas' third power
  8997 | Orc:2    | HP: 4/86 [poisoned by an orc warrior]
  9002 | Orc:2    | HP: 5/129 [poisoned by an orc warrior]
  9007 | Orc:2    | HP: 4/86 [poisoned by an orc warrior]
  9014 | Orc:2    | HP: 3/86 [poisoned by an orc warrior]
  9022 | Orc:2    | HP: 3/86 [poisoned by an orc warrior]
  9378 | Orc:2    | Reached XP level 10. HP: 81/94 MP: 4/4
  9732 | Orc:1    | Found Vapebopn's Magic Scroll Emporium.
  9748 | Orc:1    | Bought a scroll of noise for 14 gold pieces
  9748 | Orc:1    | Bought a scroll of identify for 28 gold pieces
  9748 | Orc:1    | Bought a scroll of teleportation for 42 gold pieces
 10051 | Orc:3    | Noticed Urug
 10183 | Orc:3    | Found a staircase to the Elven Halls.
 10394 | Orc:3    | Noticed Harold
 10429 | Orc:3    | Killed Harold
 10429 | Orc:3    | Reached skill level 11 in Fighting
 10513 | Orc:2    | HP: 2/95 [orc warrior/battleaxe (18)]
 10718 | Orc:1    | Bought a scroll of identify for 28 gold pieces
 10718 | Orc:1    | Bought a scroll of identify for 28 gold pieces
 11009 | Orc:4    | Entered Level 4 of the Orcish Mines
 11133 | Orc:4    | Noticed Sonja
 11144 | Orc:4    | Killed Sonja
 11602 | Orc:4    | Acquired Pakellas' fourth power
 11875 | D:9      | Found Nowemejo's Armour Emporium.
 11878 | D:9      | Found an opulent altar of Gozag.
 11881 | D:9      | Bought the cursed -7 pair of boots "Niostryoco" {rN+ MR+ MP+9 Dex+2} for 1 gold piece
 11888 | D:9      | Found a staircase to the Lair.
 11890 | D:9      | Noticed a wandering mushroom
 11914 | D:9      | Killed a wandering mushroom
 11914 | D:9      | Reached skill level 5 in Staves
 12021 | D:10     | Entered Level 10 of the Dungeon
 12559 | D:8      | Killed an ogre
 12629 | D:8      | Noticed a yak
 12634 | D:8      | Killed a yak
 12636 | D:8      | Killed a yak
 12658 | D:8      | Noticed a three-headed hydra
 12712 | D:9      | Reached skill level 10 in Armour
 12765 | D:10     | Noticed Grum
 12772 | D:9      | Received a gift from Pakellas
 12886 | D:10     | Killed Grum
 12886 | D:10     | Reached skill level 1 in Evocations
 12886 | D:10     | Reached XP level 11. HP: 93/101 MP: 5/5
 12898 | D:10     | Reached skill level 12 in Fighting
 13379 | D:12     | Noticed a hill giant
 14123 | D:12     | Noticed a hill giant
 14260 | D:12     | Killed a hill giant
 14299 | D:12     | Killed a hill giant
 14704 | D:12     | Noticed a hill giant
 14718 | D:12     | Killed a hill giant
 14997 | D:11     | Reached skill level 13 in Fighting
 15282 | D:11     | Reached XP level 12. HP: 112/112 MP: 13/13
 15367 | Lair:1   | Entered Level 1 of the Lair of Beasts
 16122 | Lair:1   | Noticed Erica
 16502 | Lair:2   | Reached skill level 5 in Evocations
 16632 | Lair:3   | Noticed a six-headed hydra
 17401 | Lair:1   | Reached skill level 14 in Fighting
 17632 | Lair:1   | Killed Erica
 18496 | Lair:5   | Got a smoking arbalest
 19088 | Lair:3   | Received a gift from Pakellas
 19210 | Lair:2   | Reached skill level 15 in Fighting
 19397 | Lair:3   | Reached XP level 13. HP: 121/124 MP: 19/19
 19677 | Lair:5   | Noticed Rupert
 19722 | Lair:5   | Paralysed by Rupert for 7 turns
 19734 | Lair:5   | Paralysed by Rupert for 6 turns
 19791 | Lair:5   | Killed Rupert
 20088 | Lair:5   | Noticed Nergalle
 20104 | Lair:5   | Killed Nergalle
 20898 | Lair:4   | Found a staircase to the Swamp.
 21755 | Lair:6   | Found a viscous altar of Jiyva.
 21756 | Lair:6   | Found a staircase to the Slime Pits.
 22162 | Lair:6   | Reached skill level 10 in Evocations
 22665 | Lair:6   | Reached skill level 16 in Fighting
 23119 | Lair:8   | Entered Level 8 of the Lair of Beasts
 23971 | Lair:3   | Found a staircase to the Snake Pit.
 24286 | Lair:3   | Killed a one-headed hydra
 24796 | Lair:6   | Reached XP level 14. HP: 135/135 MP: 23/23
 24811 | Lair:6   | Reached skill level 17 in Fighting
 25771 | Lair:7   | Identified a +6 rod of the swarm (13/13) (Pakellas gifted it to you on level 9 of the Dungeon)
 26076 | Lair:8   | Received a gift from Pakellas
 28140 | D:8      | Killed a one-headed hydra
 28521 | D:6      | Killed Eustachio
 28915 | D:3      | Noticed Natasha
 28922 | D:3      | Killed Natasha
 29006 | D:3      | Noticed Natasha
 29013 | D:3      | Killed Natasha
 29279 | D:3      | Killed Terence
 29775 | D:3      | Noticed Natasha
 29779 | D:3      | Killed Natasha
 29835 | D:4      | Killed an ogre
 29881 | D:5      | Killed an ogre
 30366 | D:10     | Noticed a hill giant
 30381 | D:10     | Killed a hill giant
 30600 | D:10     | Noticed a hill giant
 30606 | D:10     | Killed a hill giant
 30841 | D:11     | Found Priuhocu's Jewellery Boutique.
 31050 | D:12     | Killed an unseen horror
 31370 | D:11     | Noticed a hill giant
 31375 | D:11     | Killed a hill giant
 32143 | D:13     | Noticed Erolcha
 32327 | D:13     | Reached skill level 15 in Armour
 32704 | D:13     | Noticed Nessos
 32719 | D:13     | Noticed Nessos
 32719 | D:13     | Nessos changed into Nessos the lindwurm
 32726 | D:13     | Killed Nessos the lindwurm
 33481 | D:13     | Killed Erolcha
 34096 | D:13     | Reached skill level 15 in Dodging
 34301 | D:12     | Reached XP level 15. HP: 141/144 MP: 25/25
 34502 | D:14     | Received a gift from Pakellas
 35244 | Orc:3    | Killed Urug
 35689 | Orc:2    | Found a roughly hewn altar of Beogh.
 36097 | Orc:4    | Noticed a centaur warrior
 36401 | Orc:4    | Killed a centaur warrior
 36631 | Orc:4    | Noticed an orc knight
 36797 | Orc:4    | Killed an orc knight
 37245 | Orc:4    | Found Azurosat's Antique Armour Shop.
 37245 | Orc:4    | Found Weasy's Weapon Emporium.
 37248 | Orc:4    | Found Pahoash's Armour Shoppe.
 37250 | Orc:4    | Found Aptihuf's General Store.
 37257 | Orc:4    | Bought a pair of glowing boots for 162 gold pieces
 37606 | Elf:1    | Entered Level 1 of the Elven Halls
 38246 | D:14     | Found a gate to the Vaults.
 38690 | D:15     | Entered Level 15 of the Dungeon
 39990 | D:15     | Found a white marble altar of Elyvilon.
 40829 | D:15     | Found a staircase to the Depths.
 41029 | Depths:1 | Entered Level 1 of the Depths
 41088 | Depths:1 | Gained mutation: You are somewhat resistant to further mutation. [mutagenic meat]
 41089 | Depths:1 | HP: 7/143 [poison (dark miasma)]
 41090 | Depths:1 | HP: 3/143 [poison (dark miasma)]
 41091 | Depths:1 | Succumbed to poison (dark miasma)

Action                   |  1- 3 |  4- 6 |  7- 9 | 10-12 | 13-15 || total
-------------------------+-------+-------+-------+-------+-------++-------
Melee: Quarterstaff      |    86 |       |       |       |       ||    86
       Short sword       |     4 |   202 |   327 |       |       ||   533
       Lajatang          |       |       |   221 |   927 |  1852 ||  3000
       Flail             |       |       |       |    16 |       ||    16
       Battleaxe         |       |       |       |       |    46 ||    46
       Staff             |       |       |       |       |     1 ||     1
 Fire: Blowgun           |       |       |       |    11 |    14 ||    25
Throw: Throwing net      |       |     1 |       |     3 |       ||     4
       Stone             |       |       |     9 |       |       ||     9
       Javelin           |       |       |     1 |     1 |    13 ||    15
       Tomahawk          |       |       |       |    25 |    39 ||    64
Invok: Minor Device Surg |       |       |       |     1 |       ||     1
       Major Device Surg |       |       |       |       |     1 ||     1
Evoke: Wand              |       |       |       |     7 |    13 ||    20
       Phantom mirror    |       |       |       |     1 |       ||     1
       Sack of spiders   |       |       |       |       |     1 ||     1
       Rod               |       |       |       |       |    33 ||    33
       Phial of floods   |       |       |       |       |     2 ||     2
  Use: Potion            |       |       |     1 |     4 |     7 ||    12
       Scroll            |       |       |       |     9 |     5 ||    14
 Stab: Held in net/web   |       |       |       |     1 |       ||     1
       Distracted        |       |       |       |       |     2 ||     2
  Eat: Chunk             |     1 |     5 |    21 |    34 |    75 ||   136
       Meat ration       |     1 |       |       |       |       ||     1
       Fruit             |       |       |     1 |       |     3 ||     4
       Royal jelly       |       |       |       |       |     3 ||     3
